 Dungeon Crawl Stone Soup version 0.29.1-1-gd02db6906a (webtiles) character file.

Game seed: 16578300410274566882

499 xian the Schismatic (level 6, -1/48 HPs)
             Began as a Demonspawn Abyssal Knight on Oct 8, 2022.
             Was an Elder of Lugonu.
             Killed by divine providence
             ... invoked by an orc priest
              (13 damage)
             ... on level 4 of the Dungeon.
             The game lasted 00:13:09 (4539 turns).

xian the Schismatic (Demonspawn Abyssal Knight)     Turns: 4539, Time: 00:13:09

Health: -1/48      AC: 11    Str: 15    XL:     6   Next: 94%
Magic:  9/9        EV:  8    Int: 12    God:    Lugonu [****..]
Gold:   228        SH:  0    Dex: 13    Spells: 5/5 levels left

rFire   . . .      SeeInvis .   m - +6 dagger of Eternal War {freeze, *Rage rElec rCorr}
rCold   . . .      Faith    .   (no shield)
rNeg    . . .      Spirit   .   k - +0 plate armour
rPois   .          Reflect  .   (helmet restricted)
rElec   +          Harm     .   (no cloak)
rCorr   +          Rampage  .   (no gloves)
Will    .....      Rage     23% (no boots)
Stlth   ..........              (no amulet)
HPRegen 0.16/turn               s - +4 ring of evasion
MPRegen 0.11/turn               (no ring)

@: mighty, on berserk cooldown, slowed, very slow
A: powered by pain 1, demonic touch 1, antennae 1, berserk 1
a: Renounce Religion, Depart the Abyss, Bend Space, Banish, Corrupt


You were on level 4 of the Dungeon.
You worshipped Lugonu.
Lugonu was greatly pleased with you.
You visited 1 branch of the dungeon, and saw 4 of its levels.
You visited the Abyss 1 time.

You collected 228 gold pieces.

Inventory:

Hand Weapons
 m - the +6 dagger of Eternal War (weapon) {freeze, *Rage rElec rCorr}
   (You took it off a hobgoblin on level 3 of the Dungeon)

   It freezes those it strikes, dealing additional cold damage.
   It can also slow down cold-blooded creatures.
   rElec:     It insulates you from electricity.
   *Rage:     It berserks you when you make melee attacks (+20% chance).
   rCorr:     It protects you from acid and corrosion.
Missiles
 b - 5 atropa-tipped darts
 e - 13 poisoned darts (quivered)
 h - 11 stones
 n - 4 curare-tipped darts
Armour
 k - a +0 plate armour (worn)
 u - a +0 buckler
Jewellery
 s - a +4 ring of evasion (left hand)
Scrolls
 a - 2 scrolls of enchant armour {unknown}
 c - 2 scrolls of identify {unknown}
 g - a scroll of butterflies {unknown}
 o - a scroll of magic mapping {unknown}
 p - a scroll of teleportation {unknown}
 q - a scroll of torment {unknown}
 t - 3 scrolls of amnesia {unknown}
Potions
 d - a potion of cancellation {unknown}
 f - 2 potions of haste {unknown}
 i - a potion of heal wounds
 j - a potion of magic {unknown}
 l - a potion of degeneration {unknown}
 r - a potion of lignification {unknown}


   Skills:
 + Level 4.1 Fighting
 + Level 2.4(3.0) Short Blades
 + Level 2.3(2.8) Long Blades
 + Level 2.1 Axes
 + Level 0.4 Throwing
 + Level 3.6 Armour
 + Level 1.5 Dodging
 + Level 0.1 Stealth
 * Level 4.5 Invocations


You had 5 spell levels left.
You didn't know any spells.
Your spell library contained the following spells:

 Spells                   Type           Power      Damage    Failure   Level
 Foxfire                  Conj/Fire      0%         2x1d4     100%        1
 Conjure Flame            Conj/Fire      0%         6-21      100%        3
 Gell's Gravitas          Tloc           0%         N/A       100%        3
 Inner Flame              Hex/Fire       0%         N/A       100%        3
 Lesser Beckoning         Tloc           0%         N/A       100%        3
 Teleport Other           Tloc           0%         N/A       100%        3
 Flame Wave               Conj/Fire      0%         2d4       100%        4


Dungeon Overview and Level Annotations

Branches:
Dungeon (4/15)             Temple (0/1) D:4

Altars:

Shops:
D:4 [=![[

Annotations:
D:4 Bests ring


Innate Abilities, Weirdness & Mutations

You sometimes gain a little power by taking damage.
Your touch may inflict minor irresistible damage on your foes.
You have a pair of small antennae on your head.
You sometimes lose your temper in combat.


Message History

You kill the iguana!
Lugonu accepts your kill.
You feel a strong urge to attack something.
You are no longer berserk.
You are exhausted.
You feel yourself slow down. The adder bites you.
The adder bites you but does no damage.
You puncture the adder!
The adder seems to slow down.
You freeze the adder.
The adder is almost dead.
The adder completely misses you. The adder barely misses you.
You closely miss the adder.
The adder is almost dead.
The adder is no longer moving slowly.
The adder bites you but does no damage.
You hit the adder. You freeze the adder.
You kill the adder!
Lugonu accepts your kill.
You see here an adder corpse.
You see here an adder corpse.
You see here a +0 club.
An orc and an orc priest come into view.
The orc shouts!
The orc priest shouts!
You hear a shout!
An orc priest comes into view. It is wielding a +0 dagger.
The orc priest mumbles some strange prayers to Beogh against you.
Beogh smites you!
There is an entrance to Yghaan's Antique Armour Shop here.
Unknown command.
Found 14 gold pieces.
The orc priest hits you with a +0 club.
The orc priest invokes the aid of Beogh against you.
Beogh smites you!
* * * LOW HITPOINT WARNING * * *
The orc priest hits you but does no damage.
You puncture the orc priest! You freeze the orc priest.
You kill the orc priest!
Lugonu accepts your kill. The orc barely misses you.
The orc attacks as you move away! The orc hits you but does no damage.
The orc priest calls down the wrath of Beogh upon you.
Beogh smites you!
You die...

........#
........#...##$.# #..
.##.....##..##..##..
##########..#......o
.# #..#...... # .#
#..#..... .# .#
#..#...# ..# .#
#..#8.o##...#
.#########†.#<.o@....#
.##.....#..8.∩.8.....#
.##.....#..)#........#
.'......#..†#8.......#
.#......#...#...##..##
.##.....#...##..#####
.#########.......#
.##.....##.......#
................######


You could see an orc priest and an orc.

Vanquished Creatures
  A phantom (D:4)
  A gnoll bouda (D:4)
  2 orc priests (D:4)
  2 iguanas (D:4)
  3 orc wizards (D:4)
  7 gnolls
  3 adders
  An ufetubus (D:4)
  4 worms
  2 dart slugs (D:3)
  12 orcs
  3 bats
  6 endoplasms
  7 goblins
  9 hobgoblins
  3 jackals (D:2)
  7 kobolds
  2 quokkas
  6 ball pythons
  5 frilled lizards
  9 rats
95 creatures vanquished.

Notes
Turn   | Place    | Note
-------+----------+-------------------------------------------
     0 | Abyss:1  | xian the Demonspawn Abyssal Knight began the quest for the
                  | Orb.
     0 | Abyss:1  | Reached XP level 1. HP: 18/18 MP: 2/2
     1 | D:1      | Escaped the Abyss
   507 | D:1      | Gained mutation: Your touch may inflict minor irresistible
                  | damage on your foes. [demonic ancestry]
   507 | D:1      | Reached XP level 2. HP: 24/24 MP: 4/4
  1143 | D:1      | Found a faded altar of an unknown god.
  1390 | D:2      | Reached skill level 1 in Dodging
  1390 | D:2      | Gained mutation: You sometimes gain a little power by
                  | taking damage. [demonic ancestry]
  1390 | D:2      | Reached XP level 3. HP: 12/29 MP: 5/5
  2090 | D:2      | Gained mutation: You are frail. (-10% HP) [potion of
                  | mutation]
  2090 | D:2      | Gained mutation: You occasionally lose the ability to read
                  | scrolls when taking damage. [potion of mutation]
  2090 | D:2      | Gained mutation: You possess an exceptional clarity of
                  | mind. [potion of mutation]
  2092 | D:2      | Reached *** piety under Lugonu
  2098 | D:2      | Lost mutation: You are frail. (-10% HP) [potion of
                  | mutation]
  2098 | D:2      | Lost mutation: You occasionally lose the ability to read
                  | scrolls when taking damage. [potion of mutation]
  2098 | D:2      | Lost mutation: You possess an exceptional clarity of mind.
                  | [potion of mutation]
  2098 | D:2      | Gained mutation: You sometimes lose your temper in combat.
                  | [potion of mutation]
  2098 | D:2      | Gained mutation: You have a pair of small antennae on your
                  | head. [potion of mutation]
  2643 | D:2      | Reached XP level 4. HP: 31/35 MP: 6/6
  2952 | D:3      | Reached skill level 1 in Long Blades
  3000 | D:3      | Identified the +6 dagger of Eternal War {freeze, *Rage
                  | rElec rCorr}
  3891 | D:4      | Found Suejimye's Antique Armour Shoppe.
  3958 | D:4      | Found Zogriuch's Distillery.
  3973 | D:4      | Found Rathrumu's Armour Boutique.
  3978 | D:4      | Found a staircase to the Ecumenical Temple.
  4003 | D:4      | Reached XP level 5. HP: 42/42 MP: 7/7
  4078 | D:4      | Found Ymined's Jewellery Shop.
  4123 | D:4      | Reached **** piety under Lugonu
  4124 | D:4      | Reached skill level 1 in Short Blades
  4255 | D:4      | Reached XP level 6. HP: 48/48 MP: 9/9
  4504 | D:4      | Found Yghaan's Antique Armour Shop.
  4539 | D:4      | Killed from afar by an orc priest

Illustrated notes

Levels and vault maps discovered:
D:1:      giann_wishing_wells, layout_loops_ring,
          hellmonk_ecumenical_altar_inner_sanctum
D:2:      layout_loops_ring, minmay_tree_intersection, hangedman_glass_teeth,
          minivault_27
D:3:      layout_loops_ring
D:4:      layout_gridville, minmay_temple_entry_trees, serial_shops, shop, shop,
          kennysheep_mini, nicolae_shop_statue_plus, shop, kennysheep_orc_chapel

Skill      XL: |  1  2  3  4  5  6 |
---------------+-------------------+-----
Axes           | 2 |  2.1
Dodging        | 1 |  1.5
Invocations    | 3 4 |  4.5
Armour         | 2 3 |  3.6
Long Blades    | 1 2 |  2.3
Short Blades   | 1 2 |  2.4
Fighting       | 4 |  4.1
Throwing       | |  0.4
Stealth        | |  0.1

Action                   |  1- 3 |  4- 6 || total
-------------------------+-------+-------++-------
Melee: Hand axe          |    16 |       ||    16
       Long sword        |    63 |    17 ||    80
       Touch             |    10 |    20 ||    30
       Dagger            |       |    87 ||    87
Throw: Stone             |    21 |       ||    21
       Dart              |     2 |       ||     2
  Use: Potion            |     3 |       ||     3
 Stab: Sleeping          |     1 |       ||     1
Armor: Leather armour    |    29 |       ||    29
       Plate armour      |    17 |    58 ||    75
Dodge: Dodged            |    62 |    31 ||    93
